 Dungeon Crawl Stone Soup version 0.31.0-32-g396128a36d (webtiles) character file.

Game seed: 16056656237223387521

150 PaiMei the Gusty (level 5, -5/28 HPs)
             Began as a Tengu Air Elementalist on Mar 18, 2024.
             Slain by a scorpion (7 damage)
             ... on level 2 of the Dungeon.
             The game lasted 00:03:42 (3293 turns).

PaiMei the Gusty (Tengu Air Elementalist)           Turns: 3293, Time: 00:03:43

Health: -5/28      AC:  2    Str:  8    XL:     5   Next: 32%
Magic:  1/10       EV: 28    Int: 17    God:
Gold:   142        SH:  0    Dex: 15    Spells: 8/9 levels left

rFire   . . .        c - +0 dagger
rCold   . . .        (no shield)
rNeg    . . .        a - +0 robe
rPois   .            (helmet restricted)
rElec   .            (no cloak)
rCorr   .            (no gloves)
SInv    +            (boots unavailable)
Will    .....        (no amulet)
Stlth   ++           h - ring of see invisible
HPRegen 0.24/turn    (no ring)
MPRegen 0.12/turn

%: acrobat
@: lethally poisoned (-5 -> -10), acrobatic
A: beak, talons 3, acrobatic
a: no special abilities


You were on level 2 of the Dungeon.
You visited 1 branch of the dungeon, and saw 2 of its levels.

You collected 142 gold pieces.

Inventory:

Hand Weapons
 c - a +0 dagger (weapon)
Missiles
 e - 6 poisoned darts (quivered)
Armour
 a - a +0 robe (worn)
Jewellery
 h - a ring of see invisible (left hand)
Wands
 n - a wand of polymorph (9)
Scrolls
 d - a scroll of fear {unknown}
 f - a scroll of torment {unknown}
 g - a scroll of amnesia {unknown}
 i - 2 scrolls of identify {unknown}
 k - a scroll of vulnerability {unknown}
 m - a scroll of teleportation {unknown}
Potions
 b - a potion of magic
 j - 2 potions of mutation {unknown}
 l - a potion of haste {unknown}


   Skills:
 + Level 3.2 Dodging
 + Level 3.0 Stealth
 + Level 2.8 Spellcasting
 + Level 3.1 Conjurations
 + Level 4.9 Air Magic


You had 8 spell levels left.
You knew the following spells:

 Your Spells              Type           Power      Damage    Failure   Level
a - Shock                 Conj/Air       64%        1d7       3%          1

Your spell library contained the following spells:

 Spells                   Type           Power      Damage    Failure   Level
 Static Discharge         Conj/Air       32%        3-5/arc   4%          2
 Swiftness                Air            19%        N/A       7%          3
 Freeze                   Ice            8%         1d3       19%         1
 Necrotise                Necr           8%         1d4       19%         1
 Airstrike                Air            9%         2d(2-18)  22%         4
 Hailstorm                Conj/Ice       7%         3d5       28%         3
 Frozen Ramparts          Ice            4%         1d1       47%         3
 Vampiric Draining        Necr           2%         2d6       47%         3
 Martyr's Knell           Necr/Summ      2%         N/A       87%         4
 Curse of Agony           Necr           2%         N/A       99%         5


Dungeon Overview and Level Annotations

Branches:
Dungeon (2/15)

Altars:

Shops:
D:2 [


Innate Abilities, Weirdness & Mutations

You have a beak for a mouth.
You have claws for feet.
You can magically evade attacks while moving or waiting.


Message History

The zap misses the scorpion.
You feel sick. The scorpion barely misses you.
Casting: Shock (safe; 3% risk of failure)
Confirm with . or Enter, or press ? or * to list all spells.
Aiming: Shock (safe; 3% risk of failure)
Press: ? - help, Shift-Dir - straight line, f/p - scorpion
Aim: a scorpion (moderately wounded, 71% to hit)
The zap hits the scorpion but does no damage.
The scorpion is moderately wounded.
You feel sick. The scorpion barely misses you.
Casting: Shock (safe; 3% risk of failure)
Confirm with . or Enter, or press ? or * to list all spells.
Aiming: Shock (safe; 3% risk of failure)
Press: ? - help, Shift-Dir - straight line, f/p - scorpion
Aim: a scorpion (moderately wounded, 71% to hit)
The zap hits the scorpion.
The scorpion is heavily wounded.
You feel sick. The scorpion closely misses you. The scorpion barely misses you.
Aiming: Polymorph
Press: ? - help, Shift-Dir - straight line, f/p - scorpion
Aim: a scorpion (heavily wounded, will become a ball python, a centaur, or a howler monkey, chance to affect: 49%)
The scorpion resists with some effort.
You feel sick.
The scorpion stings you but does no damage.
Aiming: Polymorph
Press: ? - help, Shift-Dir - straight line, f/p - scorpion
Aim: a scorpion (heavily wounded, will become a ball python, a centaur, or a howler monkey, chance to affect: 49%)
The scorpion resists with some effort.
You feel sick. The scorpion closely misses you.
You hit the scorpion but do no damage.
The scorpion is heavily wounded.
You feel sick. The scorpion stings you.
You are lethally poisoned!
The scorpion poisons you!
* * * LOW HITPOINT WARNING * * *
You feel very sick.
* * * LOW HITPOINT WARNING * * *
You feel sick. The scorpion attacks as it pursues you!
The scorpion completely misses you.
* * * LOW HITPOINT WARNING * * *
You feel sick. The scorpion stings you!
You die...

.†. ##.# #... .# ##..#
#####..# #.)# .
###.....# ##.# ...
##...########..#####....
.....## #......s........
..##..###.##....@.......
..###.....#.....^..#....
....##..###...#####.....
.†..##......... ....
...........##### ...
..........†.# ..
........###<.# .
......... #.. .........
#.


You could see a scorpion.

Vanquished Creatures
  Natasha (thrice) (D:2)
  An adder (D:1)
  2 ribbon worms
  2 dart slugs (D:2)
  8 ball pythons
  3 endoplasms
  A giant cockroach (D:2)
  6 goblins
  10 hobgoblins
  5 quokkas
  4 bats
  2 frilled lizards
  9 kobolds
  3 rats
59 creatures vanquished.

Notes
Turn   | Place    | Note
-------+----------+-------------------------------------------
     0 | D:1      | PaiMei the Tengu Air Elementalist began the quest for the
                  | Orb.
     0 | D:1      | Reached XP level 1. HP: 10/10 MP: 4/4
     4 | D:1      | Noticed a death yak
    14 | D:1      | Noticed a black mamba
   160 | D:1      | Reached XP level 2. HP: 15/15 MP: 1/6
   417 | D:1      | Found a faded altar of an unknown god.
   643 | D:1      | Reached XP level 3. HP: 19/19 MP: 4/7
  1063 | D:2      | Noticed Natasha
  1979 | D:2      | Reached XP level 4. HP: 24/24 MP: 4/8
  2677 | D:2      | Found Corieciq's Antique Armour Shop.
  2701 | D:2      | Killed Natasha
  2703 | D:2      | Noticed Natasha
  2898 | D:2      | Killed Natasha
  2899 | D:2      | Reached XP level 5. HP: 23/28 MP: 8/10
  3082 | D:2      | Noticed Natasha
  3089 | D:2      | Killed Natasha
  3293 | D:2      | Slain by a scorpion

Illustrated notes

Levels and vault maps discovered:
D:1:      sevenhm_arrival_forest_fort_small_2, layout_rooms,
          hellmonk_ecumenical_altar_prayer_group
D:2:      layout_rooms, serial_shops, shop, minmay_small_reverse_x, uniq_natasha

Skill      XL: |  1  2  3  4  5 |
---------------+----------------+-----
Conjurations   | 2 3 |  3.1
Dodging        | 3 |  3.2
Stealth        | 3 |  3.0
Spellcasting   | |  2.8
Air Magic      | |  4.9

Action                     |  1- 3 |  4- 6 || total
---------------------------+-------+-------++-------
  Melee: Dagger            |    11 |     1 ||    12
         Kick              |     3 |       ||     3
         Peck              |     1 |       ||     1
         Unarmed           |       |    12 ||    12
   Cast: Shock             |    81 |    55 ||   136
  Evoke: Wand              |       |     2 ||     2
 Armour: Robe              |    13 |    10 ||    23
         Skin              |       |     8 ||     8
  Dodge: Dodged            |    16 |    52 ||    68
